 Dungeon Crawl Stone Soup version 0.21.1-72-gffa868e0fe (webtiles) character file.

1393 Osmon the Vandal (level 8, 0/70 HPs)
             Began as a Minotaur Berserker on Aug 3, 2018.
             Was an Elder of Trog.
             Slain by a hippogriff (3 damage)
             ... on level 5 of the Dungeon.
             The game lasted 00:31:47 (3391 turns).

Osmon the Vandal (Minotaur Berserker)               Turns: 3391, Time: 00:31:47

Health: 0/70       AC: 11    Str: 25    XL:     8   Next: 41%
Magic:  0/7        EV:  6    Int:  9    God:    Trog [****..]
Gold:   201        SH:  0    Dex: 13    Spells: 7/7 levels left

rFire    . . .     SeeInvis .   a - +0 hand axe
rCold    . . .     Gourm    .   (no shield)
rNeg     . . .     Faith    .   G - +0 scale mail
rPois    .         Spirit   +   (helmet restricted)
rElec    .         Reflect  .   f - +2 cloak {MR+}
rCorr    +         Harm     .   (no gloves)
MR       +++..                  C - +0 pair of boots
Stlth    ..........             z - amulet of guardian spirit
HPRegen  1.21/turn              s - +4 ring of strength
MPRegen  0.10/turn              A - ring of resist corrosion

@: brilliant, held, regenerating
A: retaliatory headbutt, horns 2
a: Berserk, Trog's Hand, Brothers in Arms, Burn Spellbooks, Renounce Religion


You were on level 5 of the Dungeon.
You worshipped Trog.
Trog was greatly pleased with you.
You were not hungry.

You visited 2 branches of the dungeon, and saw 6 of its levels.

You collected 201 gold pieces.

Inventory:

Hand Weapons
 a - a +0 hand axe (weapon)
 b - a +3 hunting sling of flaming
 d - a +2 quarterstaff of chaos
 k - a +0 vampiric short sword
 m - a +0 hunting sling
Missiles
 i - 8 needles of sleeping
 l - 76 stones
 v - 14 poisoned needles
 x - 4 tomahawks
Armour
 f - a +2 cloak of magic resistance (worn)
 C - a +0 pair of boots (worn)
 G - a +0 scale mail (worn)
Jewellery
 s - a +4 ring of strength (left hand)
 z - an amulet of guardian spirit (around neck)
 A - a ring of resist corrosion (right hand)
 J - an uncursed ring of fire {unknown}
Wands
 B - a wand of polymorph (8)
 K - a wand of acid (6)
Scrolls
 g - 2 scrolls of teleportation
 h - 4 scrolls of identify {unknown}
 n - 3 scrolls of noise {unknown}
 q - 3 scrolls of immolation {unknown}
 u - a scroll of fear {unknown}
 w - 2 scrolls of remove curse {unknown}
 y - a scroll of enchant armour {unknown}
 D - a scroll of fog {unknown}
 F - a scroll of magic mapping {unknown}
 I - a scroll of enchant weapon {unknown}
Potions
 e - 2 potions of curing {unknown}
 j - 2 potions of resistance {unknown}
 o - a potion of heal wounds {unknown}
 p - 2 potions of brilliance
 r - a potion of mutation {unknown}
 E - a potion of agility {unknown}
 H - a potion of might {unknown}
Comestibles
 c - 3 rations
 L - 15 chunks of flesh


   Skills:
 + Level 6.2 Fighting
 + Level 6.4 Axes
 + Level 7.5 Slings
 + Level 4.8 Armour
 + Level 3.0 Dodging
 + Level 1.3 Stealth


You had 7 spell levels left.
You didn't know any spells.

Dungeon Overview and Level Annotations

Branches:
Dungeon (5/15)             Temple (1/1) D:4

Altars:
Ashenzari
Dithmenos
Elyvilon
Fedhas
Gozag
Hepliaklqana
Kikubaaqudgha
Nemelex Xobeh
Okawaru
Qazlal
Ru
Sif Muna
Trog
Vehumet
Wu Jian
Yredelemnul
Zin
The Shining One


Innate Abilities, Weirdness & Mutations

You reflexively headbutt those who attack you in melee.
You have a pair of horns on your head.


Message History

You pick your way through the web.
There is a web here.
The hippogriff is caught in a web!
The hippogriff struggles to get unstuck from the web.
There is a basalt altar of Yredelemnul here.
The hippogriff struggles to get unstuck from the web.
Your skin crawls.
You feel resistant to hostile enchantments.
You feel somewhat more hungry.
The hippogriff struggles to get unstuck from the web.
You pick your way through the web.
The hippogriff pulls away from the web.
There is a web here.
You are caught in the web!
The hippogriff bites you!
* * * LOW HITPOINT WARNING * * *
The hippogriff completely misses you. The hippogriff claws you.
* * * LOW HITPOINT WARNING * * *
There is a web, spattered with blood here.
You struggle to detach yourself from the web.
The hippogriff barely misses you. The hippogriff pecks you.
You die...

##### #######
#.#.###.....#
#.^..##.....#
#_^H^'......#######
#.@.^##.)..........
#.#^###.....#.<####
#######....)##...#
##......####...
#........(.# #.
##########.## #
#.(## ...##((##
##...#.))


You could see a hippogriff.

Vanquished Creatures
  Grinder (D:3)
  Sigmund (D:5)
  2 ogres
  A phantom (D:4)
  2 centaurs (D:5)
  A scorpion (D:4)
  Crazy Yiuf (D:3)
  2 bullfrog skeletons (D:5)
  4 orc priests
  2 hounds (D:4)
  3 orc wizards (D:3)
  Natasha (D:2)
  A centaur skeleton (D:4)
  Ijyb (D:3)
  Robin (D:2)
  3 gnolls (D:2)
  5 adders
  A worm (D:3)
  A dart slug (D:1)
  3 leopard geckos
  5 orcs
  2 ball pythons
  2 giant cockroaches
  19 goblins
  10 hobgoblins
  2 jackals (D:5)
  A quokka (D:4)
  4 bats
  2 frilled lizards
  5 kobolds
  13 rats
  A spectral orc (D:5)
103 creatures vanquished.

Notes
Turn   | Place    | Note
-------+----------+-------------------------------------------
     0 | D:1      | Osmon the Minotaur Berserker began the quest for the Orb.
     0 | D:1      | Reached XP level 1. HP: 19/19 MP: 0/0
    87 | D:1      | Reached XP level 2. HP: 26/27 MP: 1/1
   635 | D:2      | Noticed Robin
   642 | D:2      | Reached ** piety under Trog
   647 | D:2      | Reached XP level 3. HP: 34/34 MP: 2/2
   652 | D:2      | Killed Robin
   791 | D:2      | Reached XP level 4. HP: 41/41 MP: 3/3
   969 | D:2      | Reached skill level 5 in Axes
   969 | D:2      | Reached skill level 1 in Slings
  1105 | D:2      | Noticed Natasha
  1119 | D:2      | Killed Natasha
  1261 | D:2      | Reached XP level 5. HP: 27/47 MP: 4/4
  1448 | D:3      | Reached skill level 2 in Slings
  1455 | D:3      | Reached *** piety under Trog
  1548 | D:3      | Noticed Ijyb
  1562 | D:3      | Reached skill level 3 in Slings
  1564 | D:3      | Killed Ijyb
  1564 | D:3      | Reached skill level 5 in Fighting
  1564 | D:3      | Reached XP level 6. HP: 56/56 MP: 5/5
  1611 | D:3      | Noticed Grinder
  1613 | D:3      | Paralysed by Grinder for 3 turns
  1619 | D:3      | Paralysed by Grinder for 4 turns
  1634 | D:3      | Killed Grinder
  1634 | D:3      | Reached skill level 4 in Slings
  1634 | D:3      | Reached XP level 7. HP: 61/61 MP: 3/6
  1683 | D:3      | Found an iron altar of Okawaru.
  1920 | D:3      | Found a runed door.
  1924 | D:3      | Noticed Crazy Yiuf
  1928 | D:3      | Killed Crazy Yiuf
  2163 | D:4      | Reached skill level 5 in Slings
  2560 | D:4      | Found a glowing golden altar of the Shining One.
  2560 | D:4      | Found a deep blue altar of Sif Muna.
  2564 | D:4      | Found a hazy altar of Hepliaklqana.
  2565 | D:4      | Found a glowing silver altar of Zin.
  2733 | D:4      | Found a stormy altar of Qazlal.
  2733 | D:4      | Found a sacrificial altar of Ru.
  2735 | D:4      | Found an ancient bone altar of Kikubaaqudgha.
  2973 | D:4      | Reached skill level 6 in Slings
  2973 | D:4      | Reached skill level 1 in Stealth
  3074 | D:4      | Found a staircase to the Ecumenical Temple.
  3078 | Temple   | Entered the Ecumenical Temple
  3236 | D:5      | Entered Level 5 of the Dungeon
  3249 | D:5      | Noticed Sigmund
  3257 | D:5      | Killed Sigmund
  3257 | D:5      | Reached XP level 8. HP: 36/70 MP: 4/7
  3283 | D:5      | Found a basalt altar of Yredelemnul.
  3305 | D:5      | Reached skill level 7 in Slings
  3320 | D:5      | Reached **** piety under Trog
  3352 | D:5      | Noticed a hippogriff
  3367 | D:5      | HP: 2/70 [hippogriff (6)]
  3390 | D:5      | HP: 2/70 [hippogriff (2)]
  3391 | D:5      | Slain by a hippogriff

Skill      XL: |  1  2  3  4  5  6  7  8 |
---------------+-------------------------+-----
Fighting       | 4 5 6 |  6.2
Axes           | 4 5 6 |  6.4
Slings         | 1 3 4 6 7 |  7.5
Armour         | 3 4 |  4.8
Dodging        | 3 |  3.0
Stealth        | 1 |  1.3

Action                   |  1- 3 |  4- 6 |  7- 9 || total
-------------------------+-------+-------+-------++-------
Melee: Hand axe          |    49 |    56 |    41 ||   146
       Headbutt          |     6 |     8 |    13 ||    27
 Fire: Hunting sling     |    10 |    62 |    71 ||   143
Invok: Berserk           |     1 |     3 |     1 ||     5
       Burn Spellbooks   |       |       |     1 ||     1
       Trog's Hand       |       |       |     1 ||     1
  Use: Scroll            |     1 |       |       ||     1
       Potion            |       |       |     1 ||     1
  Eat: Chunk             |       |     2 |     1 ||     3
       Ration            |       |     1 |     2 ||     3
Armor: Ring mail         |    19 |    17 |     2 ||    38
       Skin              |       |    16 |       ||    16
       Scale mail        |       |       |    31 ||    31
Dodge: Dodged            |    34 |    27 |    36 ||    97
